 Dungeon Crawl Stone Soup version 0.25-a0-591-g2ad0d86 (webtiles) character file.

Game seed: 11854608978246001679, levelgen mode: deterministic

461502 Faels the Acrobat (level 23, -19/190 HPs)
             Began as a Minotaur Fighter on Mar 13, 2020.
             Was a High Priest of Okawaru.
             Killed from afar by a servant of whispers (51 damage)
             ... with a bolt of lightning
             ... in the Desolation of Salt on Mar 14, 2020.
             The game lasted 03:45:50 (64190 turns).

Faels the Acrobat (Minotaur Fighter)               Turns: 64190, Time: 03:45:50

Health: -19/190    AC: 27    Str: 26    XL:     23   Next: 37%
Magic:  26/26      EV: 23    Int:  7    God:    Okawaru [*****.]
Gold:   530        SH: 19    Dex: 17    Spells: 22/22 levels left

rFire    + + +     SeeInvis +   s - +6 Maxwell's thermic engine {flame, freeze}
rCold    + + .     Gourm    .   q - +2 kite shield {reflect}
rNeg     + . .     Faith    .   y - +0 gold dragon scales
rPois    +         Spirit   .   X - +1 hat
rElec    .         Reflect  +   U - +0 cloak of Ipsesh {rF+ rC+ rN+}
rCorr    .         Harm     .   C - +0 pair of gloves "Lepuhuwk" {*Slow rF+ MR+ SInv} (curse)
MR       +++..                  D - +2 pair of boots {Stlth+}
Stlth    ..........             i - amulet of the acrobat
HPRegen  0.41/turn              g - +4 ring of evasion
MPRegen  0.20/turn              j - ring of protection from magic

@: no status effects
A: retaliatory headbutt, horns 2, see invisible, clever 1, low mp 2, strong 1
}: 2/15 runes: serpentine, barnacled
a: Heroism, Finesse, Renounce Religion


You were in the Desolation of Salt.
You worshipped Okawaru.
Okawaru was extremely pleased with you.
You were very hungry.

You visited 9 branches of the dungeon, and saw 41 of its levels.
You also visited: Ossuary, Bailey, Ice Cave and Desolation.

You collected 3818 gold pieces.
You spent 3288 gold pieces at shops.

Inventory:

Hand Weapons
 s - the +6 Maxwell's thermic engine (weapon) {flame, freeze}
   (You found it on level 1 of the Snake Pit)

   It has been specially enchanted to burn those struck by it, causing extra
   injury to most foes and up to half again as much damage against particularly
   susceptible opponents.
   Big, fiery blades are also staple armaments of hydra-hunters.
   It has been specially enchanted to freeze those struck by it, causing extra
   injury to most foes and up to half again as much damage against particularly
   susceptible opponents.
Missiles
 e - 80 poisoned darts
 v - 74 javelins
 L - 3 throwing nets
 R - 65 silver javelins (quivered)
Armour
 n - a +2 tower shield of resistance
 q - a +2 kite shield of reflection (worn)
 y - +0 gold dragon scales (worn)
 C - the cursed +0 pair of gloves "Lepuhuwk" (worn) {*Slow rF+ MR+ SInv}
   (You found it on level 1 of the Vaults)

   It protects you from fire.
   It affects your resistance to hostile enchantments.
   It lets you see invisible.
   It may slow you when you take damage.
   It has a curse placed upon it.
 D - a +2 pair of boots of stealth (worn)
 H - the -5 pair of gloves "Puzeynoz" {rC+ rCorr Str+4 Dex-4}
   (You found it on level 1 of the Depths)

   It affects your strength (+4).
   It affects your dexterity (-4).
   It protects you from cold.
   It provides partial protection from all sources of acid and corrosion.
 M - the -6 hat of Hidoki {rElec Regen+ Str-5 Slay+5}
   (You acquired it on level 4 of the Snake Pit)

   It affects your strength (-5).
   It affects your accuracy and damage with ranged weapons and melee attacks
   (+5).
   It insulates you from electricity.
   It increases your rate of regeneration.
 U - the +0 cloak of Ipsesh (worn) {rF+ rC+ rN+}
   (You found it on level 4 of the Snake Pit)

   It protects you from fire.
   It protects you from cold.
   It protects you from negative energy.
 X - a +1 hat (worn)
Jewellery
 g - a +4 ring of evasion (left hand)
 i - an amulet of the acrobat (around neck)
 j - a ring of protection from magic (right hand)
 t - the amulet "Poloocw" {+Rage +Inv Str+2}
   (You took it off a merfolk siren on level 4 of the Shoals)

   [amulet of rage]

   It affects your strength (+2).
   It lets you turn invisible.
   It lets you go berserk.
 F - a +3 amulet of reflection
Wands
 c - a wand of paralysis (5)
 d - a wand of iceblast (10)
 l - a wand of scattershot (5)
 x - a wand of digging (11)
 B - a wand of disintegration (55)
 G - a wand of enslavement (11)
 N - a wand of polymorph (26)
 V - a wand of flame (118)
 W - a wand of acid (40)
Scrolls
 h - 5 scrolls of magic mapping
 o - 14 scrolls of teleportation
 p - 13 scrolls of remove curse
 w - 3 scrolls of enchant armour
 A - 7 scrolls of fear
 E - a scroll of summoning
 O - 15 scrolls of identify
 Z - 3 scrolls of fog
Potions
 k - 5 potions of lignification
 m - 4 potions of haste
 r - 4 potions of cancellation
 u - 17 potions of curing
 z - 3 potions of flight
 I - a potion of resistance
 P - a potion of brilliance
 Q - 4 potions of might
Miscellaneous
 a - 2 sacks of spiders
 J - 3 tins of tremorstones
 K - a fan of gales
 S - a lightning rod (4/4)
 T - a lamp of fire
Comestibles
 f - 47 rations


   Skills:
 - Level 12.6 Fighting
 - Level 16.0 Long Blades
 + Level 12.0 Throwing
 - Level 13.2 Armour
 - Level 25.0 Dodging
 - Level 2.8 Stealth
 - Level 21.0 Shields
 - Level 5.7 Invocations
 + Level 15.2 Evocations


You had 22 spell levels left.
You didn't know any spells.
Your spell library contained the following spells:

 Spells                   Type           Power        Failure   Level  Hunger
 Animate Skeleton         Necr           N/A          100%        1    ##.....
 Foxfire                  Conj/Fire      #...         100%        1    ##.....
 Freeze                   Ice            #...         100%        1    ##.....
 Magic Dart               Conj           #...         100%        1    ##.....
 Pain                     Necr           #...         100%        1    ##.....
 Sandblast                Erth           #.....       100%        1    ##.....
 Blink                    Tloc           N/A          100%        2    ###....
 Call Imp                 Summ           #.......     100%        2    ###....
 Corpse Rot               Necr/Air       N/A          100%        2    ###....
 Passwall                 Tmut/Erth      #.......     100%        2    ###....
 Searing Ray              Conj           #.....       100%        2    ###....
 Slow                     Hex            #.......     100%        2    ###....
 Swiftness                Chrm/Air       #.......     100%        2    ###....
 Confusing Touch          Hex            #.......     100%        3    ####...
 Conjure Flame            Conj/Fire      #.......     100%        3    ####...
 Dazzling Flash           Conj/Hex       #.....       100%        3    ####...
 Frozen Ramparts          Ice            #.....       100%        3    ####...
 Gell's Gravitas          Tloc           #.........   100%        3    ####...
 Inner Flame              Hex/Fire       #.......     100%        3    ####...
 Mephitic Cloud           Conj/Pois/Air  #.......     100%        3    ####...
 Ozocubu's Armour         Chrm/Ice       #.......     100%        3    ####...
 Recall                   Summ/Tloc      N/A          100%        3    ####...
 Stone Arrow              Conj/Erth      #.....       100%        3    ####...
 Vampiric Draining        Necr           #.........   100%        3    ####...
 Animate Dead             Necr           N/A          100%        4    #####..
 Cause Fear               Hex            #.........   100%        4    #####..
 Fulminant Prism          Conj/Hex       #.........   100%        4    #####..
 Hailstorm                Conj/Ice       #.......     100%        4    #####..
 Ice Form                 Ice/Tmut       #.......     100%        4    #####..
 Iskenderun's Mystic Bla  Conj/Tloc      #.......     100%        4    #####..
 Passage of Golubria      Tloc           N/A          100%        4    #####..
 Petrify                  Tmut/Erth      #.......     100%        4    #####..
 Sticky Flame             Conj/Fire      #.......     100%        4    #####..
 Summon Ice Beast         Ice/Summ       #.......     100%        4    #####..
 Agony                    Necr           #.......     100%        5    ######.
 Borgnjor's Vile Clutch   Necr/Erth      #.........   100%        5    ######.
 Fireball                 Conj/Fire      #.........   100%        5    ######.
 Irradiate                Conj/Tmut      #.........   100%        5    ######.
 Lee's Rapid Deconstruct  Erth           #.........   100%        5    ######.
 Metabolic Englaciation   Hex/Ice        #.........   100%        5    ######.
 Silence                  Hex/Air        #.........   100%        5    ######.
 Summon Forest            Summ/Tloc      #.........   100%        5    ######.
 Yara's Violent Unravell  Hex/Tmut       #.........   100%        5    ######.
 Darkness                 Hex            #.........   100%        6    #######
 Death Channel            Necr           #.........   100%        6    #######
 Deflect Missiles         Chrm/Air       #.........   100%        6    #######
 Dispersal                Tloc           #.........   100%        6    #######
 Eringya's Noxious Bog    Tmut/Pois      #.........   100%        6    #######
 Freezing Cloud           Conj/Ice/Air   #.........   100%        6    #######
 Hydra Form               Tmut           #.........   100%        6    #######
 Invisibility             Hex            #.......     100%        6    #######
 Ozocubu's Refrigeration  Ice            #.........   100%        6    #######
 Simulacrum               Ice/Necr       #.........   100%        6    #######
 Starburst                Conj/Fire      #.........   100%        6    #######
 Statue Form              Tmut/Erth      #........    100%        6    #######
 Dragon Form              Tmut           #.........   100%        7    #######
 Summon Hydra             Summ           #.........   100%        7    #######
 Discord                  Hex            #.........   100%        8    #######
 Shatter                  Erth           #.........   100%        9    #######


Dungeon Overview and Level Annotations

Branches:
Dungeon (15/15)            Temple (1/1) D:5            Lair (6/6) D:11
 Shoals (4/4) Lair:4        Snake (4/4) Lair:3        Slime (0/5) Lair:5
    Orc (2/2) D:9             Elf (3/3) Orc:2        Vaults (4/5) D:13
  Crypt (0/3) Vaults:2     Depths (2/5) D:15        Ossuary (visited)
 Bailey (visited)           IceCv (visited)         Desolation (1/1)

Altars:
Ashenzari
Cheibriados
Dithmenos
Elyvilon
Fedhas
Gozag
Hepliaklqana
Kikubaaqudgha
Makhleb
Nemelex Xobeh
Okawaru
Qazlal
Ru
Sif Muna
Trog
Uskayaw
Vehumet
Wu Jian
Xom
Yredelemnul
Zin
The Shining One
Jiyva

Shops:
D:6 *   Orc:1 }?:   Orc:2 **!(   Elf:1 [   Shoals:3 ?   Shoals:4 =   Snake:3 %
Vaults:4 (

Portals:
Hell: Depths:1
Pandemonium: Depths:1
Trove: D:12 (give +3 storm dragon scales)

Annotations:
Shoals:2 2 transporters, WhatGod's ghost, journeyman DgFi


Innate Abilities, Weirdness & Mutations

You reflexively headbutt those who attack you in melee.
You have a pair of horns on your head.
You have supernaturally acute eyesight. (SInv)
Your mind is acute. (Int +2)
Your magical capacity is very low. (-20% MP)
Your muscles are strong. (Str +2)


Message History

The servant of whispers is heavily wounded.
You block the servant of whispers's attack.
You slash the servant of whispers! You burn the servant of whispers!
You freeze the servant of whispers. You headbutt the servant of whispers.
The servant of whispers is almost dead.
The servant of whispers invokes the aid of its god against you.
The bolt of lightning misses you.
You closely miss the servant of whispers.
You headbutt the servant of whispers.
The servant of whispers is almost dead.
You hit the servant of whispers. You burn the servant of whispers.
You freeze the servant of whispers.
The servant of whispers is almost dead.
You block the servant of whispers's attack.
You miss the servant of whispers.
Your headbutt misses the servant of whispers.
The servant of whispers is almost dead.
The servant of whispers mumbles some strange prayers to its god against you.
The bolt of lightning hits you!!!
You die...

§.§§§§.§....#
§§§§§§.§§§§.#
.§§.§.§§.§§.§.#
.§§§§§§§..§...#
.§§...........#
..§.§.........##
........#......#.
.......#p.......#
........@.........
..................
##################
##################
##################
##################
#################
################


You could see a servant of whispers.

Vanquished Creatures
  The ghost of Ykecuik the Warrior, a veteran DsBe of Trog (Vaults:1)
  Bai Suzhen (Snake:4)
  The ghost of Paboijatt the Hoplite, a veteran MiFi of the Shining One (Vaults:1)
  Vashnia (Snake:4)
  Nikola (Shoals:2)
  the Enchantress (D:15)
  The ghost of Duusiuse the Hoplite, a veteran VSFi of Okawaru (Vaults:1)
  Jorgrun (Snake:2)
  Rupert (D:15)
  The ghost of Ceasim the Bludgeoner, an adept TrMo of Qazlal (Vaults:1)
  4 deep elf blademasters (Elf:3)
  2 liches
  A deep elf master archer (Elf:3)
  2 sphinxes
  The ghost of NervFog the Severer, an adept DDMo of Elyvilon (Snake:4)
  6 krakens
  3 tengu reavers
  Donald (Snake:3)
  Roxanne (D:15)
  5 nagarajas (Snake:4)
  3 fire giants
  4 frost giants
  2 deep elf sorcerers (Elf:3)
  11 vault wardens
  Aizul (Snake:3)
  A cacodemon (Depths:1)
  2 imperial myrmidons (Desolation)
  An orc warlord (Orc:1)
  A deep elf elementalist (Elf:3)
  A large abomination (Elf:3)
  3 spriggan defenders (Depths:1)
  12 ironheart preservers
  A vampire knight (Depths:2)
  2 very ugly things (Vaults:3)
  11 stone giants
  4 deep elf demonologists (Elf:3)
  10 deep elf annihilators
  Azrael (D:13)
  10 deep elf death magi (Elf:3)
  Josephine (Orc:2)
  3 merfolk impalers
  4 fire dragons
  6 merfolk javelineers
  2 ettins
  2 deep elf high priests (Elf:3)
  13 yaktaur captains
  Fannar (D:9)
  4 hydras
  8 ice dragons
  4 spriggan air magi
  A catoblepas (Lair:6)
  22 naga warriors
  5 centaur warriors
  5 merfolk aquamancers
  2 peacekeepers (Desolation)
  2 alligator snapping turtles
  A vault guard (Vaults:4)
  5 merfolk avatars
  13 anacondas
  33 two-headed ogres
  2 death knights (Vaults:1)
  3 death yaks (IceCv)
  23 dancing weapons
  A satyr (Shoals:4)
  13 ogre magi
  A queen ant (Lair:2)
  3 orc high priests (Orc:2)
  4 deep troll earth magi
  A tengu warrior (Depths:2)
  3 deep troll shamans
  A spriggan berserker (Depths:2)
  14 naga sharpshooters
  A titan skeleton (Vaults:4)
  25 deep elf knights
  Sonja (D:13)
  8 shock serpents
  6 hell knights (Depths:2)
  A fire crab (Shoals:1)
  18 sea snakes
  3 salamander mystics
  2 wizards (Vaults:3)
  3 unseen horrors
  A glowing orange brain (D:15)
  15 skeletal warriors (Vaults:2)
  14 deep trolls
  A flayed ghost (Vaults:3)
  6 naga ritualists
  17 deep elf archers
  22 harpies
  60 deep elf magi
  22 orc knights
  14 ironbrand convokers
  2 phantasmal warriors (Depths:2)
  5 necromancers
  A wolf spider (shapeshifter) (D:15)
  A harpy (shapeshifter) (Elf:3)
  A wolf spider (Vaults:3)
  A wolf spider zombie (D:14)
  4 cyclopes
  6 orc sorcerers
  A fire giant zombie (Vaults:4)
  10 mana vipers
  2 moths of wrath (Snake:4)
  36 ugly things
  2 sphinx skeletons
  8 fauns
  A tengu skeleton (Vaults:2)
  9 salamanders
  14 manticores
  12 merfolk sirens
  2 stone giant skeletons
  An ice statue (IceCv)
  17 naga magi
  38 black mambas
  4 water nymphs
  5 guardian serpents
  Psyche (D:8)
  Joseph (D:8)
  2 fire giant skeletons (Vaults:2)
  9 vault sentinels
  3 gargoyles
  2 rime drakes
  14 spiny frogs
  4 freezing wraiths
  A hellwing (Depths:1)
  A kobold demonologist (D:14)
  An efreet (D:14)
  3 komodo dragons
  40 yaktaurs
  A redback zombie (D:15)
  2 yaktaur skeletons
  An ice devil (Depths:1)
  A queen bee (Depths:2)
  A red devil (Depths:1)
  38 merfolk
  A meliai (D:14)
  A polar bear (shapeshifter) (D:15)
  10 trolls
  22 polar bears
  A tengu conjurer (D:15)
  8 hornets
  5 wind drakes
  A blink frog (shapeshifter) (Depths:1)
  8 blink frogs
  19 saltlings
  10 hippogriffs
  19 slime creatures
  11 dream sheep
  13 snapping turtles
  A meliai zombie (D:12)
  2 air elementals (Elf:1)
  18 spriggans
  A vampire (D:11)
  3 shadows
  4 wyverns
  35 yaks
  A wyvern (shapeshifter) (D:15)
  An ettin skeleton (Vaults:4)
  5 wraiths
  25 water elementals
  A basilisk (shapeshifter) (Vaults:1)
  A fire bat (Shoals:1)
  2 hungry ghosts
  4 basilisks
  2 yaks (shapeshifter)
  A golden eye (shapeshifter) (D:15)
  9 fire elementals
  2 vampire mosquitoes (D:14)
  7 wargs
  A neqoxec (Depths:1)
  Edmund (D:5)
  An acid dragon (D:15)
  9 soldier ants
  2 hell hounds (D:13)
  65 nagas
  A deep troll skeleton (Vaults:2)
  Duvessa (D:7)
  14 water moccasins
  3 soldier ants (shapeshifter)
  A floating eye (shapeshifter) (Vaults:1)
  7 porcupines
  3 ice beasts
  49 orc warriors
  3 sky beasts
  5 black bears
  A necrophage (D:8)
  A hornet zombie (D:15)
  2 phantoms
  5 boggarts
  An elf zombie (Vaults:3)
  25 ogres
  34 wolves
  22 centaurs
  An elf skeleton (Vaults:2)
  5 human skeletons (Vaults:2)
  11 crocodiles
  14 bullfrogs
  11 big kobolds
  2 wyvern zombies (D:11)
  Blork the orc (D:6)
  An ogre simulacrum (Vaults:1)
  5 earth elementals
  Dowan (D:7)
  A water moccasin zombie (D:10)
  A water moccasin skeleton (D:7)
  2 scorpions
  A human simulacrum (Vaults:3)
  An elf simulacrum (Vaults:3)
  17 wights
  24 killer bees
  6 electric eels
  6 howler monkeys
  A lava snake (D:12)
  6 centaur zombies
  11 crimson imps
  A quasit (D:10)
  2 bullfrog skeletons
  6 jellies
  24 orc priests
  6 centaur skeletons
  7 hounds
  36 orc wizards
  4 iguanas
  41 worker ants
  A hound zombie (D:11)
  12 mummies (Ossuary)
  2 howler monkey zombies
  4 gnolls
  20 adders
  6 shadow imps
  12 white imps (Lair:1)
  An adder zombie (D:7)
  2 worms
  4 dart slugs
  7 leopard geckos
  113 orcs
  3 bats
  5 giant cockroaches
  11 goblins
  7 hobgoblins
  4 jackals (D:2)
  33 kobolds
  4 quokkas
  4 frilled lizards
  A gnoll skeleton (Ossuary)
  A goblin skeleton (Ossuary)
  A jackal zombie (D:7)
  3 kobold skeletons (Ossuary)
  A leopard gecko zombie (D:8)
  3 orc skeletons (Ossuary)
  2 quokka zombies
  4 rats
  11 rat skeletons (Ossuary)
  A crawling corpse (Elf:3)
  A fungus (Lair:2)
  A plant (Shoals:3)
  23 tentacles
1947 creatures vanquished.

Vanquished Creatures (collateral kills)
  An ogre (D:13)
  An orc (Bailey)
  A crawling corpse (Elf:3)
3 creatures vanquished.

Vanquished Creatures (others)
  2 deep elf master archers (Elf:3)
  A stone giant (Depths:2)
  A peacekeeper (Desolation)
  A centaur warrior (Vaults:1)
  A deep elf knight (Elf:1)
  A naga sharpshooter (Snake:4)
  6 deep elf archers
  A harpy (Shoals:4)
  2 deep elf magi
  3 fauns (Shoals:2)
  A cyclops (Vaults:2)
  11 yaktaurs
  A merfolk (Shoals:4)
  A yak (IceCv)
  3 orc warriors
  A boggart (Depths:2)
  4 wolves (IceCv)
  A centaur (Shoals:1)
  An ogre (Vaults:4)
  A big kobold (shapeshifter) (Vaults:3)
  A bush (D:11)
  3 fungi
  20 plants
  29 tentacles
  4 toadstools (D:1)
101 creatures vanquished.

Grand Total: 2051 creatures vanquished

Notes
Turn   | Place    | Note
-------+----------+-------------------------------------------
     0 | D:1      | Faels the Minotaur Fighter began the quest for the Orb.
     0 | D:1      | Reached XP level 1. HP: 19/19 MP: 0/0
   238 | D:1      | Reached skill level 1 in Dodging
   238 | D:1      | Reached XP level 2. HP: 17/26 MP: 1/1
   847 | D:2      | Noticed a centaur
   858 | D:2      | Killed a centaur
   858 | D:2      | Reached skill level 2 in Dodging
   858 | D:2      | Reached XP level 3. HP: 5/31 MP: 2/2
   858 | D:2      | Reached XP level 4. HP: 7/39 MP: 3/3
  1119 | D:2      | Reached skill level 5 in Long Blades
  1443 | D:2      | Found a bloodstained altar of Trog.
  1784 | D:3      | Reached XP level 5. HP: 40/45 MP: 4/4
  1869 | D:3      | Reached skill level 3 in Dodging
  2090 | D:3      | Found a glowing golden altar of the Shining One.
  2777 | D:4      | Reached XP level 6. HP: 51/51 MP: 5/5
  2909 | D:4      | Found a shimmering altar of Xom.
  3062 | D:4      | Reached skill level 1 in Throwing
  3229 | D:4      | Found a snail-covered altar of Cheibriados.
  3404 | D:4      | Found a shimmering altar of Xom.
  3466 | D:4      | Found a shimmering altar of Xom.
  3468 | D:4      | Found a shimmering altar of Xom.
  3570 | D:5      | Entered Level 5 of the Dungeon
  3624 | D:5      | Noticed an ice beast
  3631 | D:5      | Killed an ice beast
  3631 | D:5      | Reached XP level 7. HP: 54/57 MP: 6/6
  3679 | D:5      | Noticed Edmund
  3688 | D:5      | Killed Edmund
  3912 | D:5      | Found a hide-covered altar of Uskayaw.
  4101 | D:5      | Found a staircase to the Ecumenical Temple.
  4105 | D:5      | Reached skill level 1 in Stealth
  4111 | D:5      | Got a crystal falchion
  4112 | D:5      | Identified the +1 falchion of Petwus {vorpal, +Rage rPois
                  | Dex+4 SInv} (You found it on level 5 of the Dungeon)
  4531 | D:5      | Reached XP level 8. HP: 60/64 MP: 7/7
  4710 | D:5      | Found an ornate altar of the Wu Jian Council.
  4820 | D:6      | Noticed Blork the orc
  4828 | D:6      | Killed Blork the orc
  4834 | D:6      | Reached skill level 10 in Long Blades
  4834 | D:6      | Reached skill level 1 in Evocations
  4901 | D:6      | Found Ustruytei's Lightly-Used Armoury.
  5009 | D:6      | Found a stormy altar of Qazlal.
  5420 | D:6      | Found a sand-covered staircase.
  5427 | Ossuary  | Entered an ossuary
  6309 | D:6      | Found a burning altar of Makhleb.
  6328 | D:6      | Bought a -3 demon blade for 1 gold piece
  6346 | D:6      | Reached XP level 9. HP: 67/70 MP: 10/10
  6771 | D:7      | Found a glowing silver altar of Zin.
  6947 | Temple   | Entered the Ecumenical Temple
  6975 | Temple   | Became a worshipper of Warmaster Okawaru
  7084 | D:7      | Found a shattered altar of Ashenzari.
  7136 | D:7      | Noticed Duvessa
  7143 | D:7      | Noticed Dowan
  7150 | D:7      | Killed Duvessa
  7166 | D:7      | Killed Dowan
  7914 | D:8      | Reached * piety under Okawaru
  8100 | D:8      | Noticed Psyche
  8107 | D:8      | Killed Psyche
  8107 | D:8      | Reached skill level 1 in Invocations
  8107 | D:8      | Reached XP level 10. HP: 28/78 MP: 12/12
  8358 | D:8      | Noticed Joseph
  8375 | D:8      | Killed Joseph
  8375 | D:8      | Reached skill level 4 in Dodging
  8830 | D:8      | Reached ** piety under Okawaru
  9403 | D:9      | Reached skill level 5 in Fighting
  9403 | D:9      | Reached skill level 5 in Shields
  9451 | D:9      | Reached skill level 5 in Armour
  9501 | D:9      | Found a staircase to the Orcish Mines.
  9516 | Orc:1    | Entered Level 1 of the Orcish Mines
  9516 | Orc:1    | Noticed Fannar
 10143 | D:9      | Reached skill level 5 in Dodging
 10604 | D:10     | Entered Level 10 of the Dungeon
 10621 | D:10     | Reached *** piety under Okawaru
 10861 | D:10     | Noticed a cyan ugly thing
 10875 | D:10     | Killed a cyan ugly thing
 11453 | D:10     | Received a gift from Okawaru
 11453 | D:10     | Reached XP level 11. HP: 90/90 MP: 13/13
 11531 | D:10     | Noticed a two-headed hydra
 11534 | D:10     | Killed a one-headed hydra
 11534 | D:10     | Reached **** piety under Okawaru
 11534 | D:10     | Reached skill level 6 in Dodging
 11624 | D:11     | Found a staircase to the Lair.
 11629 | D:11     | Noticed an unseen horror
 11684 | D:10     | Killed an unseen horror
 12012 | D:11     | Received a gift from Okawaru
 12158 | D:11     | Reached skill level 5 in Invocations
 12442 | D:11     | Reached skill level 7 in Dodging
 12702 | D:11     | Reached ***** piety under Okawaru
 12851 | D:11     | Found a shimmering altar of Xom.
 13466 | Lair:1   | Entered Level 1 of the Lair of Beasts
 13474 | Lair:1   | Found a frozen archway.
 13586 | IceCv    | Entered an ice cave
 13820 | IceCv    | Reached skill level 8 in Dodging
 14078 | IceCv    | Reached XP level 12. HP: 101/101 MP: 15/15
 14140 | IceCv    | Noticed a death yak
 14140 | IceCv    | Noticed a death yak
 14153 | IceCv    | Killed a death yak
 14168 | IceCv    | Killed a death yak
 14177 | IceCv    | Reached skill level 9 in Dodging
 14333 | IceCv    | Reached skill level 10 in Shields
 14684 | IceCv    | Received a gift from Okawaru
 14754 | IceCv    | Noticed a death yak
 14754 | IceCv    | Noticed a frost giant
 14810 | IceCv    | Killed a death yak
 14855 | IceCv    | Reached skill level 10 in Dodging
 15068 | IceCv    | Killed a frost giant
 15068 | IceCv    | Received a gift from Okawaru
 15679 | Lair:1   | Reached skill level 11 in Dodging
 15843 | Lair:1   | Reached ****** piety under Okawaru
 16514 | Lair:2   | Received a gift from Okawaru
 16647 | Lair:2   | Reached XP level 13. HP: 102/107 MP: 16/16
 16849 | D:6      | Bought -3 gold dragon scales for 715 gold pieces
 17797 | Lair:3   | Found a staircase to the Snake Pit.
 18030 | Lair:3   | Received a gift from Okawaru
 18091 | Lair:3   | Reached skill level 12 in Dodging
 18789 | Lair:4   | Found a staircase to the Shoals.
 19904 | Lair:5   | Found a staircase to the Slime Pits.
 19904 | Lair:5   | Found a viscous altar of Jiyva.
 20023 | Lair:5   | You fall into a shaft and drop 1 floor!
 20023 | Lair:6   | Entered Level 6 of the Lair of Beasts
 20258 | Lair:5   | Reached skill level 13 in Dodging
 20270 | Lair:5   | Received a gift from Okawaru
 20271 | Lair:5   | Got a fine plate armour {god gift}
 20508 | Lair:5   | Identified the +10 plate armour "Kohasson" {+Inv Slay+2}
                  | (Okawaru gifted it to you on level 5 of the Lair of Beasts)
 21269 | Lair:6   | Reached skill level 14 in Dodging
 21780 | Lair:6   | Reached XP level 14. HP: 100/115 MP: 17/17
 22987 | Lair:2   | Gained mutation: Your muscles are strong. (Str +2) [potion
                  | of mutation]
 22987 | Lair:2   | Gained mutation: Your magical capacity is low. (-10% MP)
                  | [potion of mutation]
 22987 | Lair:2   | Gained mutation: You have supernaturally acute eyesight.
                  | (SInv) [potion of mutation]
 22987 | Lair:2   | Gained mutation: Your mind is acute. (Int +2) [potion of
                  | mutation]
 23268 | Orc:1    | Paralysed by an orc sorcerer for 4 turns
 23316 | D:9      | Killed Fannar
 23497 | Orc:1    | Found Jiefosoh's Book Boutique.
 23509 | Orc:1    | Found Sovet's Magic Scroll Emporium.
 23517 | Orc:1    | Bought a scroll of fear for 49 gold pieces
 23517 | Orc:1    | Bought a scroll of blinking for 105 gold pieces
 23517 | Orc:1    | Bought 3 scrolls of identify for 84 gold pieces
 23517 | Orc:1    | Bought a scroll of identify for 28 gold pieces
 23517 | Orc:1    | Bought a scroll of identify for 28 gold pieces
 23517 | Orc:1    | Bought a scroll of identify for 28 gold pieces
 23517 | Orc:1    | Bought 2 scrolls of identify for 56 gold pieces
 23529 | Orc:2    | Entered Level 2 of the Orcish Mines
 23529 | Orc:2    | Noticed Josephine
 23534 | Orc:2    | Noticed an orc warlord
 23646 | Orc:2    | Found a staircase to the Elven Halls.
 23664 | Orc:1    | Killed an orc warlord
 23730 | Orc:2    | Killed Josephine
 23752 | Orc:1    | Received a gift from Okawaru
 24248 | Orc:2    | Reached skill level 5 in Throwing
 25670 | Orc:2    | Reached skill level 15 in Dodging
 25699 | Orc:2    | Reached skill level 10 in Fighting
 25887 | Orc:2    | Found Udoyqah's General Store.
 25887 | Orc:2    | Found Zitoum's Assorted Antiques.
 25889 | Orc:2    | Found Etuvvyg's Distillery.
 25889 | Orc:2    | Found Ryanyolu's Weapon Shop.
 25900 | Orc:2    | Bought a scroll of identify for 56 gold pieces
 25900 | Orc:2    | Bought an agate ring for 140 gold pieces
 25900 | Orc:2    | Bought a scroll labeled ONAINA LEUNEIRPH for 28 gold pieces
 25908 | Orc:2    | Bought a scroll of enchant weapon for 105 gold pieces
 25911 | Orc:2    | Bought a potion of heal wounds for 80 gold pieces
 25911 | Orc:2    | Bought a potion of haste for 160 gold pieces
 25911 | Orc:2    | Bought a potion of heal wounds for 80 gold pieces
 25911 | Orc:2    | Bought a potion of haste for 160 gold pieces
 25911 | Orc:2    | Bought a potion of curing for 48 gold pieces
 25911 | Orc:2    | Bought a potion of curing for 48 gold pieces
 25975 | Orc:1    | Found Fentael's Gadget Shop.
 26691 | D:12     | Received a gift from Okawaru
 26692 | D:12     | Got a crystal falchion {god gift}
 26706 | D:12     | Identified the +6 falchion of the Aged Realms {flame, rPois
                  | rC+ Stlth+} (Okawaru gifted it to you on level 12 of the
                  | Dungeon)
 26828 | D:12     | Found a portal to a secret trove of treasure.
 27079 | D:13     | Noticed Sonja
 27120 | D:13     | Killed Sonja
 27565 | D:13     | Noticed Azrael
 27590 | D:13     | Killed Azrael
 27596 | D:13     | Reached skill level 5 in Evocations
 28074 | D:13     | Found a gate to the Vaults.
 28303 | D:14     | Found a flagged portal.
 28315 | D:14     | Reached XP level 15. HP: 117/128 MP: 13/16
 28460 | Bailey   | Entered a bailey
 28878 | Bailey   | Identified Peopna's Sophisticated Witchery
 28893 | Bailey   | Reached skill level 16 in Dodging
 28893 | Bailey   | Reached XP level 16. HP: 136/136 MP: 12/17
 29387 | D:14     | Found a blossoming altar of Fedhas.
 29987 | D:14     | Received a gift from Okawaru
 30445 | D:15     | Entered Level 15 of the Dungeon
 30445 | D:15     | Identified Roxanne's Volume of Earth
 30445 | D:15     | Noticed Roxanne
 30445 | D:15     | Noticed Rupert
 30461 | D:15     | Killed Rupert
 30461 | D:15     | Reached skill level 17 in Dodging
 30475 | D:15     | Received a gift from Okawaru
 30510 | D:15     | Killed Roxanne
 30801 | D:15     | Received a gift from Okawaru
 30802 | D:15     | Got a steaming trident {god gift}
 30806 | D:15     | Identified the +9 trident "Fifan" {venom, +Rage rPois MR+
                  | Str-4} (Okawaru gifted it to you on level 15 of the
                  | Dungeon)
 30993 | D:15     | Found a sacrificial altar of Ru.
 31259 | D:15     | Found a staircase to the Depths.
 31630 | Snake:1  | Entered Level 1 of the Snake Pit
 31640 | Snake:1  | Found the +2 Maxwell's thermic engine {flame, freeze}
 32092 | Snake:1  | Reached skill level 15 in Long Blades
 32431 | Snake:1  | Received a gift from Okawaru
 33370 | Snake:1  | Reached skill level 10 in Armour
 34134 | Snake:2  | Reached XP level 17. HP: 146/146 MP: 18/18
 34445 | Snake:2  | Noticed Jorgrun
 34457 | Snake:2  | Killed Jorgrun
 34637 | Snake:2  | You fall into a shaft and drop 1 floor!
 34650 | Snake:3  | Reached skill level 18 in Dodging
 34690 | Snake:3  | Noticed Aizul
 34706 | Snake:3  | Killed Aizul
 34706 | Snake:3  | Received a gift from Okawaru
 35691 | Snake:3  | Found Farhuud's Food Shoppe.
 36693 | Snake:4  | Entered Level 4 of the Snake Pit
 36710 | Snake:4  | Noticed Vashnia
 37000 | Snake:4  | Killed Vashnia
 37462 | Snake:4  | Reached skill level 19 in Dodging
 37556 | Snake:4  | Found a transporter.
 37569 | Snake:4  | Found a transporter.
 37601 | Snake:4  | Noticed NervFog's ghost (adept DDMo)
 37798 | Snake:4  | Noticed Donald
 37821 | Snake:3  | Killed Donald
 37916 | Snake:4  | Received a gift from Okawaru
 38110 | Snake:4  | Noticed Bai Suzhen
 38133 | Snake:4  | Killed Bai Suzhen
 38133 | Snake:4  | Received a gift from Okawaru
 38152 | Snake:4  | Reached XP level 18. HP: 101/156 MP: 15/20
 38619 | Snake:4  | Reached skill level 20 in Dodging
 39253 | Snake:4  | Got a serpentine rune of Zot
 39939 | Snake:4  | Got a pair of bloodstained gloves
 39941 | Snake:4  | Got a bloodstained cloak
 40000 | Snake:4  | Identified the +2 pair of gloves of the Flute {*Corrode
                  | rPois rC+++ MR-} (You found it on level 4 of the Snake Pit)
 40010 | Snake:4  | Identified the +0 cloak of Ipsesh {rF+ rC+ rN+} (You found
                  | it on level 4 of the Snake Pit)
 40077 | Snake:4  | Killed NervFog's ghost
 40185 | Snake:4  | Identified a scroll of acquirement
 40186 | Snake:4  | Identified the ring "Aqiwkiepp" {+Inv AC+4} (You acquired
                  | it on level 4 of the Snake Pit)
 40186 | Snake:4  | Identified the -6 hat of Hidoki {rElec Regen+ Str-5 Slay+5}
                  | (You acquired it on level 4 of the Snake Pit)
 40829 | Elf:1    | Entered Level 1 of the Elven Halls
 40847 | Elf:1    | Found a radiant altar of Vehumet.
 40862 | Elf:1    | Received a gift from Okawaru
 40961 | Elf:1    | Received a gift from Okawaru
 41055 | Elf:1    | Received a gift from Okawaru
 41433 | Elf:1    | Found Fipoklaw's Armour Emporium.
 42548 | Elf:2    | Reached skill level 21 in Dodging
 43122 | Elf:2    | Found a runed translucent gate.
 43122 | Elf:2    | Found a runed translucent gate.
 43122 | Elf:2    | Found a runed translucent gate.
 43617 | Elf:2    | Reached XP level 19. HP: 147/162 MP: 14/22
 44062 | Elf:3    | Entered Level 3 of the Elven Halls
 44412 | Elf:3    | Received a gift from Okawaru
 44699 | D:6      | Bought -2 pearl dragon scales for 990 gold pieces
 45162 | Depths:1 | Entered Level 1 of the Depths
 45163 | Depths:1 | Found a gateway to Hell.
 45327 | Depths:1 | Got a pair of jewelled gloves
 45338 | Depths:1 | Identified the cursed -5 pair of gloves "Puzeynoz" {rC+
                  | rCorr Str+4 Dex-4} (You found it on level 1 of the Depths)
 45455 | Depths:1 | Reached skill level 15 in Shields
 45675 | Depths:1 | Reached skill level 10 in Evocations
 45914 | Depths:1 | Reached skill level 22 in Dodging
 46116 | Depths:1 | Found a one-way gate leading to the halls of Pandemonium.
 46119 | Depths:1 | Gained mutation: Your magical capacity is very low. (-20%
                  | MP) [a cacodemon]
 46193 | Depths:1 | Noticed the Enchantress
 46563 | D:15     | Killed the Enchantress
 47342 | Depths:1 | Got a fine halberd
 47343 | Depths:1 | Identified the +8 halberd of the Shallot {vorpal, +Inv
                  | +Fly} (You found it on level 1 of the Depths)
 49082 | Depths:2 | Received a gift from Okawaru
 49885 | Elf:3    | Reached XP level 20. HP: 85/170 MP: 18/21
 50508 | Elf:3    | Received a gift from Okawaru
 50778 | Elf:3    | Identified the +3 quarterstaff of the Endless Realms
                  | {flame, rC++}
 50789 | Elf:3    | Identified the +10 battleaxe of Ujudi {venom, Int+5}
 50798 | Elf:3    | Received a gift from Okawaru
 50798 | Elf:3    | Reached skill level 23 in Dodging
 50832 | Elf:3    | Identified the ring "Timoz" {+Blink rPois Str+8 Int+4
                  | Slay-3}
 51375 | Elf:3    | Identified the +4 long sword of Currency {holy, rN+ Str+8
                  | Dex-3}
 51388 | Elf:3    | Received a gift from Okawaru
 51452 | Elf:3    | Identified the +3 trident "Ogutt" {holy, *Noise +Inv Str+3}
 51469 | Elf:3    | HP: 5/170 [large abomination[a deep elf high priest] (31)]
 52502 | Shoals:1 | Entered Level 1 of the Shoals
 52528 | Shoals:1 | Received a gift from Okawaru
 53156 | Shoals:1 | Got a pitted ring mail
 53157 | Shoals:1 | Identified the +0 ring mail of the Guilds {+Inv rPois Str+2
                  | Int+4} (You found it on level 1 of the Shoals)
 53491 | Shoals:2 | Found a transporter.
 53495 | Shoals:2 | Noticed WhatGod's ghost (journeyman DgFi)
 53535 | Shoals:2 | Found a transporter.
 54022 | Shoals:2 | Noticed Nikola
 54032 | Shoals:2 | Killed Nikola
 54608 | Shoals:3 | Found Ythusus's Magic Scroll Shoppe.
 54632 | Shoals:3 | Bought a scroll of teleportation for 45 gold pieces
 54632 | Shoals:3 | Bought a scroll of blinking for 112 gold pieces
 54632 | Shoals:3 | Bought a scroll of fear for 52 gold pieces
 54632 | Shoals:3 | Bought a scroll of teleportation for 45 gold pieces
 54632 | Shoals:3 | Bought a scroll of teleportation for 45 gold pieces
 55561 | Shoals:3 | Reached XP level 21. HP: 165/176 MP: 22/22
 55615 | Shoals:4 | Entered Level 4 of the Shoals
 55798 | Shoals:4 | Reached skill level 24 in Dodging
 56442 | Shoals:4 | Received a gift from Okawaru
 56560 | Shoals:4 | Identified the amulet "Poloocw" {+Rage +Inv Str+2}
 56574 | Shoals:4 | Received a gift from Okawaru
 56629 | Shoals:4 | Found Pail's Jewellery Boutique.
 57026 | Shoals:4 | Got a barnacled rune of Zot
 57409 | Vaults:1 | Entered Level 1 of the Vaults
 57468 | Vaults:1 | Got a pair of polished gloves
 57479 | Vaults:1 | Identified the cursed +0 pair of gloves "Lepuhuwk" {*Slow
                  | rF+ MR+ SInv} (You found it on level 1 of the Vaults)
 57525 | Vaults:1 | Found a runed translucent gate.
 57525 | Vaults:1 | Found a runed translucent gate.
 57525 | Vaults:1 | Found a runed translucent gate.
 57525 | Vaults:1 | Noticed Paboijatt's ghost (veteran MiFi)
 57525 | Vaults:1 | Noticed Ykecuik's ghost (veteran DsBe)
 57526 | Vaults:1 | Noticed Duusiuse's ghost (veteran VSFi)
 57527 | Vaults:1 | Noticed Ceasim's ghost (adept TrMo)
 57612 | Vaults:1 | Killed Ceasim's ghost
 57629 | Vaults:1 | Killed Ykecuik's ghost
 57664 | Vaults:1 | Killed Paboijatt's ghost
 57679 | Vaults:1 | Killed Duusiuse's ghost
 58013 | Vaults:1 | Received a gift from Okawaru
 59549 | Vaults:2 | Reached XP level 22. HP: 179/183 MP: 24/24
 59851 | Vaults:2 | Reached skill level 25 in Dodging
 60092 | Vaults:2 | Found a hide-covered altar of Uskayaw.
 60549 | Vaults:2 | Received a gift from Okawaru
 60567 | Vaults:2 | Found a staircase to the Crypt.
 61155 | Vaults:3 | Received a gift from Okawaru
 62683 | Vaults:3 | Received a gift from Okawaru
 62689 | Vaults:3 | Got a dazzling long sword {god gift}
 62690 | Vaults:3 | Identified the +7 long sword of Okawaru's Castigation
                  | {protect, Dex+5} (Okawaru gifted it to you on level 3 of
                  | the Vaults)
 62993 | Vaults:4 | Reached skill level 10 in Throwing
 63141 | Vaults:4 | Reached XP level 23. HP: 144/190 MP: 23/26
 63268 | Vaults:4 | Received a gift from Okawaru
 63328 | Vaults:4 | Found Sacuyq's Weapon Emporium.
 63510 | Vaults:4 | Received a gift from Okawaru
 63519 | Vaults:4 | Reached skill level 15 in Evocations
 63549 | Vaults:4 | Found a ruined gateway.
 63574 | Desolati | Entered the Desolation of Salt
 64025 | Desolati | HP: 8/190 [saltling (17)]
 64190 | Desolati | Killed from afar by a servant of whispers

Levels and vault maps discovered:
D:1:      wheals_arrival_linesprint, layout_rooms, minmay_gold_behind_fungi
D:2:      layout_loops_ring, nicolae_overflow_crystal_walls
D:3:      minmay_chambers_of_threes, layout_basic, tso_metal_star
D:4:      layout_gridville, cheibriados_altar_1, first_ration, xom_redecorated
D:5:      layout_loops_ring, lemuel_round_altar,
          minmay_temple_entry_statues_pillars, basic_altar, uniq_edmund
D:6:      layout_loops_ring, kennysheep_little_box,
          nicolae_ossuary_entry_monument, wad_floor_pattern_1,
          chequers_decorated_corner, minmay_shop_damaged,
          grunt_qazlal_sundering, uniq_blork_the_orc
D:7:      layout_basic, zin_academy, cheibrodos_ashenzari_chains, uniq_duvessa
D:8:      layout_loops_ring, uniq_psyche, uniq_joseph
D:9:      layout_loops_ring, david_orc_1_choice
D:10:     layout_big_octagon, hangedman_ranch [blue_anna_fruit_fields]
D:11:     layout_long_grid, minmay_lair_entry_grove, basic_altar,
          solitary_fountain
D:12:     layout_basic, enter_trove_2
D:13:     layout_loops_cross, david_vaults_4, nicolae_wand_duel, uniq_sonja,
          uniq_azrael
D:14:     minmay_inside_and_out, layout_loops_ring, basic_altar,
          grunt_decor_arrowhead, enter_bailey_7
D:15:     gammafunk_enter_depths_forms, layout_rooms, hangedman_ru_absence,
          uniq_roxanne, uniq_rupert
Temple:   eino_wide_crystal_templ
Lair:1:   layout_loops_ring, portal_ice_cave_entry_imps,
          infiniplex_staircase_pool
Lair:2:   layout_gridlike, zaba_antful_of_joy
Lair:3:   layout_misc_corridors, minmay_snake_entry_guardpost_small
Lair:4:   layout_roguey, minmay_shoals_entry_centaurs, grunt_megastairs_4,
          lemuel_fruit_tree
Lair:5:   layout_cave_shapes, slime_altar_1, lookout_lair_type,
          grunt_megastairs_1, serial_bayou_shore_b
Lair:6:   minmay_lair_end_enchanted_forest, layout_hall_layers,
          small_statue_intersection, chequers_serial_rivers_micro_a
Shoals:1: layout_shoals, hangedman_shoal_volcano
Shoals:2: layout_shoals, gammafunk_ghost_arena, nicolae_shoals_kraken_party,
          uniq_nikola
Shoals:3: layout_shoals, serial_shops, nicolae_shop_stone
Shoals:4: shoals_end_hangedman, layout_shoals, serial_shops, shop_statue,
          nicolae_shoals_hunting_party
Snake:1:  layout_basic
Snake:2:  layout_onion, serial_bayou_lagoon_b, uniq_jorgrun
Snake:3:  layout_chambers, serial_shops, shop, uniq_aizul
Snake:4:  minmay_snake_end_coiled, layout_onion,
          gammafunk_ghost_berserking_beasts, uniq_bai_suzhen, uniq_vashnia,
          uniq_donald
Orc:1:    layout_caves, serial_shops, shop_scrolls, shop_statue, shop,
          uniq_fannar
Orc:2:    grunt_orc_tribal_feast, layout_caves, uniq_josephine
Elf:1:    eino_elf_arrival_altar, layout_geoelf_diagonals, serial_shops, shop,
          minivault_28
Elf:2:    layout_geoelf_diagonals, serial_sigils, serial_sigils_hangedman_gut,
          serial_sigils_hangedman_quiver, serial_sigils_hangedman_confine,
          serial_sigils_hangedman_writhe, serial_sigils_hangedman_scratch
Elf:3:    minmay_elf_hall_statues, layout_geoelf_octagon,
          corexii_hall_statues_i, drop_trap, item_on_display_a
Vaults:1: gammafunk_vaults_ghost_cemetery, hangedman_vaults_variations,
          nicolae_vaults_alarming, nicolae_vaults_little_ls,
          hangedman_vaults_stretched_pinwheel, nicolae_vaults_network_periphery,
          vaults_room_pools, grunt_vaults_swirl,
          ontoclasm_vaults_loading_screen, v_alt_pattern_3, vaults_room_corners,
          nicolae_vaults_yaktaur_gun_rack, nicolae_vaults_little_squares_4,
          layout_vaults_omnibox
Vaults:2: hangedman_vaults_nails, nicolae_vaults_theta,
          minmay_crypt_entry_skeletal_spiral, v_misc_17,
          ontoclasm_vaults_shuriken, hangedman_vaults_impose, v_misc_18,
          vaults_dpeg_encased_lava, nicolae_vaults_rhombus_7, v_misc_22,
          layout_vaults_quadrants, basic_altar
Vaults:3: v_misc_23, hangedman_vaults_trim, vaults_mumra_chevron_long,
          nicolae_vaults_little_squares_4, v_alt_pattern_5,
          nicolae_vaults_ninety_degrees, v_misc_24, v_misc_2,
          nicolae_vaults_minivaults, nicolae_vaults_theta,
          ontoclasm_vaults_fault, layout_vaults_ring
Vaults:4: vaults_standard_mumra_lines, nicolae_vaults_circle_grid_b,
          dpeg_vaults_monster_box, v_misc_3, v_misc_13, vaults_room_ringed_pool,
          hangedman_vaults_restitches, v_misc_24, vaults_dpeg_spiral,
          ontoclasm_vaults_gallery, vaults_dpeg_diagonal, v_pattern_2,
          v_misc_12, layout_vaults_maze_bifur, portal_desolation_entry_salt,
          serial_shops, shop
Depths:1: layout_cave_shapes, serial_sigils_hangedman_stare, hell_entry,
          rand_demon_pan_entry_4, minmay_misc_feat_diagonals,
          chequers_serial_rivers_micro_c, serial_sigils_hangedman_snap,
          kennysheep_generic_room_12, uniq_enchantress
Depths:2: box_level_dp, hell_entry, uniq_mara
Desolation

Skill      XL: |  1  2  3  4  5  6  7  8  9 10 11 12 13 14 15 16 17 18 19 20 21 22 23 |
---------------+----------------------------------------------------------------------+-----
Long Blades    | 3 4 5 6 7 9 11 14 16 | 16.0
Dodging        | 1 2 3 5 8 11 14 15 16 17 19 21 22 23 24 25 | 25.0
Throwing       | 2 3 6 10 12 | 12.0
Stealth        | 1 2 |  2.8
Evocations     | 3 4 5 6 7 9 10 11 12 14 15 | 15.2
Fighting       | 4 6 7 8 10 12 | 12.6
Armour         | 4 6 7 8 10 12 13 | 13.2
Shields        | 4 6 8 12 14 16 18 20 21 | 21.0
Invocations    | 1 4 5 |  5.7

Action                   |  1- 3 |  4- 6 |  7- 9 | 10-12 | 13-15 | 16-18 | 19-21 | 22-24 || total
-------------------------+-------+-------+-------+-------+-------+-------+-------+-------++-------
Melee: Long sword        |    23 |   187 |    35 |       |       |       |       |       ||   245
       Headbutt          |     7 |    33 |   124 |   307 |   374 |   408 |   525 |   281 ||  2059
       Falchion          |       |       |   173 |   807 |       |     5 |       |       ||   985
       Demon blade       |       |       |   201 |    96 |  1228 |   284 |       |       ||  1809
       Hand axe          |       |       |       |     5 |    17 |       |       |       ||    22
       Double sword      |       |       |       |       |       |  1009 |  1682 |   789 ||  3480
Throw: Dart              |       |       |     1 |    10 |    29 |    61 |    36 |       ||   137
       Javelin           |       |       |       |       |       |       |    40 |     1 ||    41
Invok: Heroism           |       |       |       |    12 |    17 |    20 |    47 |    13 ||   109
       Finesse           |       |       |       |     1 |     7 |    13 |    10 |     6 ||    37
 Abil: Evoke Berserk Rag |       |       |     1 |    11 |       |       |       |       ||    12
Evoke: Wand              |       |       |       |     6 |    19 |     4 |     8 |     3 ||    40
  Use: Scroll            |       |     4 |    14 |    12 |    24 |    13 |    15 |    15 ||    97
       Potion            |       |       |     1 |     3 |     5 |     4 |    20 |     2 ||    35
 Stab: Sleeping          |       |       |     4 |       |       |       |     1 |       ||     5
       Invisible         |       |       |     2 |       |       |       |       |       ||     2
       Petrified         |       |       |       |       |     4 |       |       |       ||     4
  Eat: Chunk             |       |     9 |    12 |    27 |    30 |    20 |    19 |     4 ||   121
       Ration            |       |       |     1 |     4 |     2 |     8 |    10 |     3 ||    28
Armor: Scale mail        |     5 |    47 |    54 |   179 |       |       |       |       ||   285
       Ring mail         |       |     3 |    29 |     4 |       |       |       |       ||    36
       Gold dragon scale |       |       |       |       |   313 |   264 |   232 |   117 ||   926
       Pearl dragon scal |       |       |       |       |       |       |    37 |       ||    37
       Acid dragon scale |       |       |       |       |       |       |     4 |       ||     4
Dodge: Dodged            |    10 |    66 |   120 |   341 |   456 |   528 |   913 |   419 ||  2853
Block: Kite shield       |    14 |    76 |   141 |   526 |   924 |   889 |  1046 |   692 ||  4308
       Reflection        |       |       |       |       |       |   123 |   156 |    83 ||   362
       Tower shield      |       |       |       |       |       |    70 |   718 |       ||   788
       Rpst.: Long sword |     1 |    17 |     2 |       |       |       |       |       ||    20
       Falchion          |       |       |    16 |    57 |       |       |       |       ||    73
       Demon blade       |       |       |    21 |     8 |    91 |    11 |       |       ||   131
       Double sword      |       |       |       |       |       |    78 |   165 |    90 ||   333

Table legend:
 A = Non-vault XP
 B = Vault XP
 C = Vault XP percentage of total XP
 D = Non-vault monster count
 E = Vault monster count
 F = Vault count percentage of total count
                 A         B        C        D         E       F
            +---------+---------+-------+---------+---------+-------
      Total |  468922 |  376279 |  44.5 |    1267 |     689 |  35.2
            +---------+---------+-------+---------+---------+-------
        D:1 |      27 |       0 |   0.0 |       8 |       0 |   0.0
        D:2 |     166 |       0 |   0.0 |      20 |       0 |   0.0
        D:3 |     113 |      45 |  28.5 |      15 |      12 |  44.4
        D:4 |     198 |       0 |   0.0 |      13 |       0 |   0.0
        D:5 |     789 |     162 |  17.0 |      24 |       1 |   4.0
        D:6 |    1089 |      87 |   7.4 |      24 |       1 |   4.0
        D:7 |    1731 |     221 |  11.3 |      37 |       2 |   5.1
        D:8 |    1055 |     869 |  45.2 |      29 |       2 |   6.5
        D:9 |    2439 |    1401 |  36.5 |      35 |      10 |  22.2
       D:10 |    2990 |    2200 |  42.4 |      27 |       8 |  22.9
       D:11 |    3617 |    1775 |  32.9 |      49 |      12 |  19.7
       D:12 |    3557 |       0 |   0.0 |      23 |       0 |   0.0
       D:13 |    4637 |    5228 |  53.0 |      26 |      13 |  33.3
       D:14 |    6325 |    6159 |  49.3 |      32 |      17 |  34.7
       D:15 |    5870 |   13521 |  69.7 |      22 |      14 |  38.9
     Lair:1 |    3672 |     122 |   3.2 |      18 |      12 |  40.0
     Lair:2 |    2165 |    2670 |  55.2 |       6 |      32 |  84.2
     Lair:3 |    3223 |     322 |   9.1 |      13 |       2 |  13.3
     Lair:4 |    1699 |     727 |  30.0 |       9 |       4 |  30.8
     Lair:5 |    6565 |    2351 |  26.4 |      25 |       9 |  26.5
     Lair:6 |    6951 |    7009 |  50.2 |      23 |      42 |  64.6
   Shoals:1 |   17969 |    3180 |  15.0 |      38 |       8 |  17.4
   Shoals:2 |   12088 |   13170 |  52.1 |      25 |       5 |  16.7
   Shoals:3 |   13385 |       0 |   0.0 |      25 |       0 |   0.0
   Shoals:4 |   20357 |   18036 |  47.0 |      41 |      29 |  41.4
    Snake:1 |   29220 |       0 |   0.0 |      54 |       0 |   0.0
    Snake:2 |   17478 |    3059 |  14.9 |      32 |       1 |   3.0
    Snake:3 |   14405 |    3720 |  20.5 |      34 |       2 |   5.6
    Snake:4 |   23314 |   46031 |  66.4 |      40 |      60 |  60.0
      Orc:1 |    3689 |     859 |  18.9 |      31 |       4 |  11.4
      Orc:2 |    2904 |    9132 |  75.9 |      33 |      31 |  48.4
      Elf:1 |   10931 |   11204 |  50.6 |      20 |      18 |  47.4
      Elf:2 |   18533 |   21238 |  53.4 |      31 |      27 |  46.6
      Elf:3 |   23723 |   48395 |  67.1 |      38 |      33 |  46.5
   Vaults:1 |   46551 |   26850 |  36.6 |      92 |      19 |  17.1
   Vaults:2 |   31899 |   12464 |  28.1 |      62 |      23 |  27.1
   Vaults:3 |   39058 |   35108 |  47.3 |      70 |      31 |  30.7
   Vaults:4 |   34159 |   33518 |  49.5 |      55 |      42 |  43.3
   Depths:1 |   26012 |    9794 |  27.4 |      27 |      13 |  32.5
   Depths:2 |   24369 |    8003 |  24.7 |      41 |      26 |  38.8
    Ossuary |       0 |     240 | 100.0 |       0 |      31 | 100.0
     Bailey |       0 |    1684 | 100.0 |       0 |      25 | 100.0
      IceCv |       0 |   13049 | 100.0 |       0 |      42 | 100.0
 Desolation |       0 |   12676 | 100.0 |       0 |      26 | 100.0
            +---------+---------+-------+---------+---------+-------
